 Dungeon Crawl Stone Soup version 0.31-a0-868-g674d60d6f7 (webtiles) character file.

Game seed: 16884064467210313812

24 ipx the Chopper (level 3, 19/19 HPs)
             Began as a Vine Stalker Fighter on Oct 11, 2023.
             Got out of the dungeon alive.
             The game lasted 00:02:41 (346 turns).

ipx the Chopper (Vine Stalker Fighter)               Turns: 346, Time: 00:02:42

Health: 19/19      AC:  6    Str: 20    XL:     3   Next: 2%
Magic:  4/4        EV:  9    Int:  8    God:
Gold:   38         SH:  4    Dex: 13    Spells: 2/2 levels left

rFire   . . .        a - +0 war axe
rCold   . . .        c - +0 buckler
rNeg    . . .        b - +0 scale mail
rPois   .            (no helmet)
rElec   .            (no cloak)
rCorr   .            (no gloves)
SInv    .            (no boots)
Will    .....        (no amulet) Stlth
                     (no ring)
HPRegen 1.03/turn    (no ring)
MPRegen 0.09/turn

%: guardian spirit
@: no status effects
A: fangs 2, regeneration 1, magic shield, antimagic bite, no potion heal 2
a: no special abilities


You escaped.
You visited 1 branch of the dungeon, and saw 3 of its levels.

You collected 38 gold pieces.

Inventory:

Hand Weapons
 a - a +0 war axe (weapon)
Armour
 b - a +0 scale mail (worn)
 c - a +0 buckler (worn)
Scrolls
 f - a scroll of identify {unknown}
 g - a scroll of acquirement {unknown}
Potions
 d - a potion of might
 e - a potion of magic {unknown}
 h - a potion of heal wounds {unknown}


   Skills:
 - Level 2.6 Fighting
 + Level 3.1 Axes
 - Level 2.4 Armour
 - Level 2.6 Shields


You had 2 spell levels left.
You didn't know any spells.
Your spell library was empty.

Dungeon Overview and Level Annotations

Branches:
Dungeon (3/15)

Altars:


Innate Abilities, Weirdness & Mutations

You have extremely sharp teeth.
Your natural rate of healing is unusually fast.
When hurt, damage is shared between your health and your magic reserves.
Your bite disrupts and absorbs the magic of your enemies.
Potions cannot restore your health.


Message History

A hobgoblin comes into view.
A hobgoblin comes into view.
A ball python comes into view.
The hobgoblin shouts!
The ball python hisses angrily.
You barely miss the hobgoblin. You bite the hobgoblin. You drain its power.
The hobgoblin is severely wounded.
The hobgoblin barely misses you. x2; The hobgoblin completely misses you.
You slash the hobgoblin!
You kill the hobgoblin!
You hit the hobgoblin but do no damage.
The hobgoblin hits you but does no damage.
Your Axes skill increases to level 3!
You barely miss the hobgoblin. You bite the hobgoblin.
You kill the hobgoblin!
The ball python barely misses you. The ball python grabs you.
The ball python constricts you.
You hit the ball python.
The ball python is moderately wounded.
The ball python closely misses you. The ball python constricts you.
You hit the ball python.
The ball python is heavily wounded.
The ball python barely misses you. The ball python constricts you.
The ball python bites you but does no damage.
The ball python constricts you.
You barely miss the ball python. You bite the ball python. You drain its power.
The ball python is severely wounded.
The ball python bites you but does no damage.
The ball python constricts you.
You hit the ball python.
You kill the ball python!
You have reached level 3!
Your experience leads to an increase in your attributes!
Increase (S)trength, (I)ntelligence, or (D)exterity?
You feel stronger. x2
There is a stone staircase leading up here.
You climb upwards.
There is a stone staircase leading down here.
There is an open door here.
There is a staircase leading out of the dungeon here.
You have escaped!

#...#~.~# ≈≈#
#...#≈.~#≈≈.#
#...#~.~#≈..#
#...#...#...#
#...........#
#...........#
#...........#
#...........#
#.....@.....#
#...........#
#############


There were no monsters in sight!

Vanquished Creatures
  An adder (D:2)
  4 ball pythons
  An endoplasm (D:2)
  A giant cockroach (D:1)
  3 hobgoblins
  2 kobolds
  A bat (D:2)
  A rat (D:1)
14 creatures vanquished.

Notes
Turn   | Place    | Note
-------+----------+-------------------------------------------
     0 | D:1      | ipx the Vine Stalker Fighter began the quest for the Orb.
     0 | D:1      | Reached XP level 1. HP: 11/11 MP: 2/2
    64 | D:1      | Reached skill level 2 in Axes
   129 | D:2      | Reached XP level 2. HP: 16/16 MP: 1/3
   259 | D:2      | Reached skill level 3 in Axes
   264 | D:2      | Reached XP level 3. HP: 19/19 MP: 4/4
   346 | D:$      | Got out of the dungeon alive.

Illustrated notes

Levels and vault maps discovered:
D:1:      lightli_arrival_quake, layout_rooms
D:2:      minmay_angry_zag, layout_basic, serial_glass, glass_columns_c,
          glass_columns_c, minmay_misc_feat_iff, eino_tiny_chamber,
          uniq_sigmund, uniq_robin, uniq_natasha
D:3:      layout_basic, ebering_ecumenical_altar_petrified,
          hangedman_decor_growths

Skill      XL: |  1  2 |
---------------+-------+-----
Axes           | 2 3 |  3.1
Fighting       | |  2.6
Armour         | |  2.4
Shields        | |  2.6

Action                     || total
---------------------------++-------
  Melee: War axe           ||    26
         Bite              ||     5
 Armour: Scale mail        ||    11
  Dodge: Dodged            ||    14
  Block: Buckler           ||     5

Table legend: (Time is in decaauts)
 A = Elapsed time spent in this place.
 B = Non-inter-level travel time spent in this place.
 C = Inter-level travel time spent in this place.
 D = Time resting spent in this place.
 E = Time spent auto-exploring this place.
 F = Levels seen in this place.
 G = Mean time per level.
                   A        B        C        D        E       F      G
               +--------+--------+--------+--------+--------+-----+--------+
         Total |    357 |    319 |     38 |      0 |      0 |   3 |  119.0 |
       Dungeon |    357 |    319 |     38 |      0 |      0 |   3 |  119.0 |
               +--------+--------+--------+--------+--------+-----+--------+

Top non-repeatable levels by time:
     D:2: 195 daAuts
     D:1: 160 daAuts
     D:3: 1 daAuts
